AoeStats
← DrJacobsMD

Arabia

503696635Analyzed
1v1 RM · 1mo ago on Sep 1, 2026· 26m 45s· 2 players
Game mode
Random Map
Map size
Tiny (2 player)
Population
200
Speed
Normal
Resources
Standard
Victory
Conquest
Starting age
Dark Age
Ending age
Imperial Age
RankedLock teamsTeams togetherTeam positionsShared explorationLock speedFull tech treeHidden civsTurbo modeCheats
Victory
Defeat
🇺🇸 Georgians · United States
1067
+17
🇦🇷 Berbers · Argentina
1087
-17
DrJacobsMD
7:21 Loom
9:34 Feudal Age
10:29 Double-Bit Axe
13:24 Fletching
16:45 Padded Archer Armor
23:42 Castle Age
22:10 Horse Collar
22:22 Gold Mining
24:20 Bodkin Arrow
23:54 Crossbowman
26:45 Leather Archer Armor
27:31 Wheelbarrow
26:41 Town Watch
MUSL1M G0 HOM3
6:56 Loom
7:02 Loom
9:59 Feudal Age
11:01 Double-Bit Axe
10:57 Horse Collar
15:05 Town Watch
15:56 Wheelbarrow
22:13 Castle Age
20:54 Padded Archer Armor
23:12 Leather Archer Armor
Connection lost

Rejoining the realm…

Still unreachable

The connection could not be restored.

Session expired

The server has moved on; the page needs a fresh start.